 Dungeon Sprint DCSS version 0.24.0-123-gd5b16e6ec5 (webtiles) character file.

Game seed: 17871771962153054852, levelgen mode: deterministic

81 McKennaii the Conjurer (level 4, -3/33 HPs)
             Began as a Draconian Conjurer on Jan 26, 2020.
             Slain by a necrophage (7 damage)
             ... in the Dungeon (Sprint II: "The Violet Keep of Menkaure").
             The game lasted 00:00:11 (26 turns).

McKennaii the Conjurer (Draconian Conjurer)           Turns: 26, Time: 00:00:12

Health: -3/33      AC:  5    Str: 10    XL:     4   Next: 19%
Magic:  5/9        EV: 13    Int: 16    God:
Gold:   0          SH:  0    Dex: 12    Spells: 9/10 levels left

rFire    . . .     SeeInvis .   (no weapon)
rCold    . . .     Gourm    .   (no shield)
rNeg     . . .     Faith    .   (armour unavailable)
rPois    .         Spirit   .   (helmet restricted)
rElec    .         Reflect  .   (no cloak)
rCorr    .         Harm     .   (no gloves)
MR       .....     NoTele   +   (no boots)
Stlth    ++........             (no amulet)
HPRegen  0.11/turn              (no ring)
MPRegen  0.11/turn              (no ring)

@: berserk cooldown, slowed, very slow
A: unfitting armour, cold-blooded, AC +5
a: no special abilities


You were in the Dungeon.
You were not hungry.

You visited 1 branch

Inventory:

Scrolls
 h - a scroll of blinking
Potions
 c - a potion of curing
 d - a potion of heal wounds
 e - a potion of haste
 f - 2 potions of magic
Comestibles
 b - a ration


   Skills:
 + Level 2.7 Dodging
 + Level 2.4 Stealth
 * Level 3.8 Spellcasting
 + Level 7.9 Conjurations


You had 9 spell levels left.
You knew the following spells:

 Your Spells              Type           Power        Failure   Level  Hunger
a - Magic Dart            Conj           ####         1%          1    None

Your spell library contained the following spells:

 Spells                   Type           Power        Failure   Level  Hunger
 Searing Ray              Conj           ####..       1%          2    ##.....
 Iskenderun's Mystic Bla  Conj           ####....     7%          4    ####...
 Dazzling Spray           Conj/Hex       ###...       10%         3    ###....
 Force Lance              Conj/Tloc      ###.....     32%         4    ####...
 Fulminant Prism          Conj/Hex       ###.......   32%         4    ####...


Dungeon Overview and Level Annotations

Branches:
Dungeon (1/1)

Altars:


Innate Abilities, Weirdness & Mutations

Your plain brown scales are hard. (AC +5)
You cannot fit into any form of body armour.
You are cold-blooded and may be slowed by cold attacks.


Message History

The necrophage misses you.
There is a staircase leading out of the dungeon here.
You completely miss the necrophage. The necrophage barely misses you.
The necrophage hits you. The necrophage barely misses you.
You hit the necrophage but do no damage.
The necrophage hits you. x2; The necrophage misses you.
You hit the necrophage.
The necrophage is lightly damaged.
The necrophage misses you.
The necrophage hits you but does no damage.
The necrophage barely misses you. The necrophage hits you!
* * * LOW HITPOINT WARNING * * *
The necrophage hits you.
* * * LOW HITPOINT WARNING * * *
The necrophage hits you but does no damage.
Unknown command.
You closely miss the necrophage.
Your tail-slap misses the necrophage.
The necrophage is lightly damaged.
The necrophage barely misses you. x2; The necrophage hits you!
You die...

## ## ##.
.##
#..#..# #
#.$.# ##w
#'#
#.w.##.##


#+nnn+ #.##@## #w #+# # You could see 3 necrophages.

Vanquished Creatures
  A necrophage (D)
1 creature vanquished.

Notes
Turn   | Place    | Note
-------+----------+-------------------------------------------
     0 | D        | McKennaii the Draconian Conjurer began the quest for the
                  | Orb.
     0 | D        | Reached XP level 1. HP: 14/14 MP: 3/3
     5 | D        | Noticed a necrophage
     5 | D        | Noticed a necrophage
     5 | D        | Noticed a necrophage
     5 | D        | Noticed a necrophage
    18 | D        | Killed a necrophage
    18 | D        | Reached skill level 7 in Conjurations
    18 | D        | Reached XP level 2. HP: 20/20 MP: 3/6
    18 | D        | Reached XP level 3. HP: 26/26 MP: 4/8
    18 | D        | Reached XP level 4. HP: 33/33 MP: 4/9
    26 | D        | Slain by a necrophage

Levels and vault maps discovered:
D:        the_violet_keep_of_menkaure [sprint2_stairs_cluster_1,
          sprint2_shoproom, sprint2_temple, sprint2_basic_supplies,
          sprint2_obstacle_1, sprint2_obstacle_4, sprint2_obstacle_7,
          sprint2_obstacle_5, sprint2_obstacle_3, sprint2_timed_cluster_1,
          sprint2_smallroom_cluster_1, sprint2_smallroom_final_cluster_1,
          sprint2_transparent_cluster_1, sprint2_second_timed_cluster_1,
          sprint2_sniper_area_1, sprint2_heavy_combat_area_1,
          sprint2_mutation_trap_area_1, sprint2_forest_area_1,
          sprint2_light_combat_area_1, sprint2_behind_water_1,
          sprint2_near_end_vault_1]

Skill      XL: |  1 |
---------------+----+-----
Dodging        | 2 |  2.7
Stealth        | 2 |  2.4
Spellcasting   | 3 |  3.8
Conjurations   | 7 |  7.9

Action                   |  1- 3 |  4- 6 || total
-------------------------+-------+-------++-------
Melee: Unarmed           |    11 |     4 ||    15
       Tailslap          |     2 |       ||     2
  Use: Potion            |     1 |       ||     1
Armor: Skin              |     1 |     2 ||     3
Dodge: Dodged            |     5 |     9 ||    14
